 Dungeon Crawl Stone Soup version 0.30.0-5-g1a98f26d00 (webtiles) character file.

Game seed: 18254721649621291360

151 BubbleThief the Chopper (level 5, -3/48 HPs)
             Began as a Minotaur Berserker on May 10, 2023.
             Was a Believer of Trog.
             Slain by a mummy (12 damage)
             ... in an ossuary.
             The game lasted 00:03:02 (2233 turns).

BubbleThief the Chopper (Minotaur Berserker)        Turns: 2233, Time: 00:03:03

Health: -3/48      AC:  2    Str: 23    XL:     5   Next: 10%
Magic:  4/4        EV: 12    Int:  6    God:    Trog [**....]
Gold:   187        SH:  0    Dex: 10    Spells: 4/4 levels left

rFire   . . .        a - +0 hand axe
rCold   . . .        (no shield)
rNeg    . . .        b - +0 animal skin
rPois   .            (helmet restricted)
rElec   +            (no cloak)
rCorr   .            (no gloves)
SInv    .            (no boots)
Will    +....        s - amulet of Oggah {Acrobat rElec Int+2}
Stlth   +            f - ring of willpower
HPRegen 0.28/turn    (no ring)
MPRegen 0.09/turn

%: acrobat
@: on berserk cooldown, slowed, very slow
A: horns 2, retaliatory headbutt
a: Renounce Religion, Berserk, Trog's Hand


You were in an ossuary.
You worshipped Trog.
Trog was pleased with you.
You visited 1 branch of the dungeon, and saw 4 of its levels.
You also visited: Ossuary.

You collected 187 gold pieces.

Inventory:

Hand Weapons
 a - a +0 hand axe (weapon)
Armour
 b - a +0 animal skin (worn)
Jewellery
 f - a ring of willpower (left hand)
 s - the amulet of Oggah (around neck) {Acrobat rElec Int+2}
   (You found it on level 4 of the Dungeon)

   [amulet of the acrobat]

   It increases your evasion while moving and waiting.
   Int:       It affects your intelligence (+2).
   rElec:     It insulates you from electricity.
Wands
 j - a wand of roots (11)
 n - a wand of flame (14)
 o - a wand of charming (8)
Scrolls
 c - a scroll of enchant armour {unknown}
 d - 4 scrolls of identify {unknown}
 e - 3 scrolls of immolation {unknown}
 k - a scroll of amnesia {unknown}
 l - a scroll of magic mapping {unknown}
 p - a scroll of vulnerability {unknown}
 q - a scroll of enchant weapon {unknown}
 r - a scroll of teleportation {unknown}
Potions
 g - 2 potions of curing {unknown}
 h - a potion of might {unknown}
 i - a potion of mutation {unknown}
 m - a potion of berserk rage {unknown}


   Skills:
 + Level 5.0 Fighting
 * Level 6.1 Axes
 - Level 2.4 Armour
 - Level 2.1 Dodging


You had 4 spell levels left.
You didn't know any spells.
Your spell library was empty.

Dungeon Overview and Level Annotations

Branches:
Dungeon (4/15)            Ossuary (1/1)
 Temple: D:4-7

Altars:
Makhleb

Shops:
D:3 [:*:


Innate Abilities, Weirdness & Mutations

You have a pair of horns on your head.
You reflexively headbutt those who attack you in melee.


Message History

You are exhausted.
You feel yourself slow down.
Okay, then.
Unknown command.
You start resting.
Something unseen opens the door.
A bullfrog zombie comes into view.
You hit the bullfrog zombie.
Your headbutt misses the bullfrog zombie.
The bullfrog zombie is lightly damaged.
The bullfrog zombie barely misses you. You furiously retaliate!
You headbutt the bullfrog zombie!
Unknown command.
You slash the mummy!
The mummy is moderately damaged.
Unknown command.
You hit the mummy but do no damage.
The mummy is moderately damaged.
The mummy misses you.
Unknown command.
You hit the mummy.
The mummy is heavily damaged.
A mummy comes into view.
Unknown command.
You hit the mummy. You headbutt the mummy.
The mummy is severely damaged.
Unknown command.
You hit the mummy.
The mummy is moderately damaged.
You hit the mummy but do no damage. The mummy hits you. The mummy hits you!
* * * LOW HITPOINT WARNING * * *
Unknown command.
You barely miss the mummy.
The mummy is moderately damaged.
You hit the mummy but do no damage. The mummy misses you.
You furiously retaliate!
You headbutt the mummy!
You destroy the mummy!
Trog accepts your kill. The mummy hits you!
You die...

# ≈#≈ ##≈≈ # #≈
≈≈ ≈#≈ ≈ #≈###≈
≈≈##≈##
≈~~~#~~~#~~
##.#.~P~P#
##~~~.#Z~~#+#'
#...~.M~~~M~.M
≈≈~~~.##M##'##+#
≈≈#P. #..@# #~~
#.∩.# #≈# #..∩#
≈ #####


You could see 2 mummies.

Vanquished Creatures
  4 mummies (Ossuary)
  2 adders
  5 orcs (D:3)
  4 bats
  5 endoplasms
  3 giant cockroaches
  4 goblins
  5 hobgoblins
  A quokka (D:3)
  5 ball pythons
  6 frilled lizards
  5 kobolds
  3 rats
52 creatures vanquished.

Notes
Turn   | Place    | Note
-------+----------+-------------------------------------------
     0 | D:1      | BubbleThief the Minotaur Berserker began the quest for the
                  | Orb.
     0 | D:1      | Reached XP level 1. HP: 19/19 MP: 0/0
     4 | D:1      | Noticed an electric eel
   156 | D:1      | Reached skill level 4 in Axes
   288 | D:1      | Reached XP level 2. HP: 27/27 MP: 1/1
   665 | D:2      | Found a faded altar of an unknown god.
   944 | D:2      | Reached ** piety under Trog
  1050 | D:2      | Reached XP level 3. HP: 29/33 MP: 2/2
  1464 | D:3      | Found Huthoj's Book Boutique.
  1556 | D:3      | Reached skill level 5 in Axes
  1587 | D:3      | Found a burning altar of Makhleb.
  1589 | D:3      | Noticed a green death
  1733 | D:3      | Found Goishroi's General Store.
  1787 | D:3      | Found Yryg's Armour Emporium.
  1893 | D:3      | Found Noczuemm's Book Shoppe.
  2079 | D:4      | Found a sand-covered staircase.
  2088 | D:4      | Identified the amulet of Oggah {Acrobat rElec Int+2}
  2100 | D:4      | Reached XP level 4. HP: 21/41 MP: 3/3
  2203 | Ossuary  | Entered an ossuary
  2218 | Ossuary  | Reached skill level 5 in Fighting
  2218 | Ossuary  | Reached skill level 6 in Axes
  2218 | Ossuary  | Reached XP level 5. HP: 37/48 MP: 4/4
  2233 | Ossuary  | Slain by a mummy

Illustrated notes

Levels and vault maps discovered:
D:1:      arrival_aquarium_a, layout_loops_cross,
          wander_ebering_terrifying_dragon_lair
D:2:      layout_basic, ebering_ecumenical_altar_mist, skrybe_limestone_x
D:3:      layout_basic, makhleb_altar_promises_db, serial_shops, shop, shop,
          shop, nicolae_shop_tiny_statue_garden
D:4:      layout_cave_pools, fedhas_altar_fruit_tree,
          nicolae_hepliaklqana_ecumenical_no_more, nicolae_ossuary_entry_ruins,
          minmay_hollow_rounded_squares, uniq_grinder
Ossuary:  ossuary_zaba_flooded

Skill      XL: |  1  2  3  4 |
---------------+-------------+-----
Axes           | 4 5 6 |  6.1
Fighting       | 4 5 |  5.0
Armour         | |  2.4
Dodging        | |  2.1

Action                     |  1- 3 |  4- 6 || total
---------------------------+-------+-------++-------
  Melee: Hand axe          |   109 |    15 ||   124
         Headbutt          |    10 |     2 ||    12
 Invoke: Berserk           |       |     1 ||     1
   Stab: Sleeping          |     1 |       ||     1
 Armour: Animal skin       |    16 |       ||    16
  Dodge: Dodged            |    63 |     6 ||    69
